[Event "Turkish Championship 2023"]
[Site "Kemer Antalya"]
[Date "2023.12.05"]
[Round "4"]
[White "Bicer, Atakan Mert"]
[Black "Eren, Ataberk"]
[Result "1-0"]
[ECO "C07"]
[WhiteElo "2318"]
[BlackElo "2429"]
[Annotator "RC"]
[PlyCount "153"]
[EventDate "2023.12.01"]
[EventType "tourn"]
[EventCountry "TUR"]
[SourceTitle "playchess.com"]
[Source "ChessBase"]
[SourceQuality "1"]
[TimeControl "40/5400+30:1800+30"]

1. e4 e6 2. d4 d5 3. Nd2 c5 4. Ngf3 cxd4 5. Nxd4 Ne7 6. Bd3 Nbc6 7. Nxc6 bxc6 8. O-O Ng6 9. f4 Bc5+ 10. Kh1 O-O 11. Nb3 Bb6 12. c4 dxc4 13. Bxc4 Qxd1 14. Rxd1 Bb7 15. Bd2 Rfd8 16. Re1 Rac8 17. g3 Ne7 18. Rad1 c5 19. Kg1 Nc6 20. Bc3 Nb4 21. Rxd8+ Rxd8 22. Nd2 Nc2 23. Re2 Nd4 24. Re1 Bc6 25. Kf2 Nb5 26. Ke3 Kf8 27. Rc1 h5 28. h4 Ke7 29. Ke2 f6 30. Bd3 Nxc3+ 31. Rxc3 Bb7 32. Nc4 Rd4 33. e5 Bd5 34. exf6+ gxf6 35. Nxb6 axb6 36. Ra3 Rb4 37. b3 f5 38. Ra7+ Kf6 39. Ke3 b5 40. Bc2 Be4 41. Bd1 Kg6 42. Rc7 c4 43. Rd7 cxb3 44. Bxb3 Bd5 45. Bxd5 exd5 46. Rd6+ Kf7 47. Rxd5 Ke6 48. Re5+ Kf6 49. Rc5 Re4+ 50. Kd3 Ra4 51. Rc2 Ke6 52. Kc3 Rc4+ 53. Kb3 Rxc2 54. Kxc2 Kd5 55. Kc3 Kc5 56. Kb3 Kc6 57. Kb4 Kb6 58. Kc3 Kc5 59. Kb3 Kc6 60. Kc2 Kd5 61. Kd3 Kc5 62. Kc3 Kd5 63. Kb4 Kc6 64. Ka5 Kc5 65. a3 Kc6 66. Ka6 Kc5 67. Kb7 Kd5 68. Kb6 Ke4 69. Kxb5 Kf3 70. a4 Kxg3 71. a5 Kxf4 72. a6 Kg3 73. a7 f4 74. a8=Q f3 75. Qg8+ Kh2 76. Qf7 Kg2 77. Qxh5 1-0

[Event "Turkish Championship 2023"]
[Site "Kemer Antalya"]
[Date "2023.12.05"]
[Round "4"]
[White "Gunduz, Umut Erdem"]
[Black "Isik, Alparslan"]
[Result "1/2-1/2"]
[ECO "E21"]
[WhiteElo "2318"]
[BlackElo "2452"]
[Annotator "RC"]
[PlyCount "75"]
[EventDate "2023.12.01"]
[EventType "tourn"]
[EventCountry "TUR"]
[SourceTitle "playchess.com"]
[Source "ChessBase"]
[SourceQuality "1"]
[TimeControl "40/5400+30:1800+30"]

1. d4 Nf6 2. Nf3 e6 3. c4 b6 4. Nc3 Bb7 5. g3 Bb4 6. Bg2 Bxc3+ 7. bxc3 O-O 8. Ba3 d6 9. c5 dxc5 10. dxc5 Qxd1+ 11. Rxd1 Re8 12. O-O Nbd7 13. Nd4 Bxg2 14. Kxg2 bxc5 15. Nb3 c4 16. Na5 Nb6 17. Kf3 Nfd5 18. Bb4 Na4 19. Nxc4 c5 20. Ba5 Naxc3 21. Bxc3 Nxc3 22. Rd7 Red8 23. Rc7 Rdc8 24. Rb7 Rcb8 25. Rc7 Nxa2 26. Ra1 Nc3 27. Raxa7 Rxa7 28. Rxa7 Nb5 29. Rd7 Nd4+ 30. Ke3 h5 31. Rc7 Rb3+ 32. Kd2 Rb1 33. Nd6 Rb2+ 34. Kd3 Nxe2 35. Nxf7 Nd4 36. Ng5 Rxf2 37. Rxc5 Nb3 38. Rc8+ 1/2-1/2

[Event "Turkish Championship 2023"]
[Site "Kemer Antalya"]
[Date "2023.12.05"]
[Round "4"]
[White "Tirpan, Ceren"]
[Black "Metin, Enis"]
[Result "1-0"]
[ECO "B27"]
[WhiteElo "1940"]
[BlackElo "2031"]
[Annotator "NA RC"]
[PlyCount "111"]
[EventDate "2023.12.01"]
[EventType "tourn"]
[EventCountry "TUR"]
[SourceTitle "playchess.com"]
[Source "ChessBase"]
[SourceQuality "1"]
[TimeControl "40/5400+30:1800+30"]

1. e4 c5 2. Nc3 g6 3. d4 cxd4 4. Qxd4 Nf6 5. Nf3 Nc6 6. Qa4 d6 7. e5 dxe5 8. Nxe5 Bd7 9. Nxd7 Qxd7 10. Be3 Qg4 11. Qb3 Qb4 12. Bb5 Qxb3 13. axb3 a6 14. Bxc6+ bxc6 15. Ra5 Bg7 16. Ke2 O-O 17. Rha1 Nd5 18. Nxd5 cxd5 19. Rxd5 Bxb2 20. Ra2 Bc3 21. Kd3 Bb4 22. c3 e6 23. Rd7 Rfd8 24. Rxd8+ Rxd8+ 25. Kc4 Bd6 26. Rxa6 Bxh2 27. g3 e5 28. Ra1 f5 29. Rh1 f4 30. Rxh2 fxe3 31. fxe3 h5 32. g4 hxg4 33. Rg2 Rc8+ 34. Kd3 Rd8+ 35. Ke4 Rc8 36. c4 Kf7 37. Kxe5 Rb8 38. Rxg4 Rxb3 39. e4 Rc3 40. Kd5 Rd3+ 41. Kc6 Ke7 42. Rxg6 Rd4 43. c5 Rxe4 44. Kc7 Rb4 45. c6 Kf7 46. Rg1 Ke6 47. Re1+ Kd5 48. Rd1+ Ke6 49. Kc8 Ke7 50. c7 Ke8 51. Re1+ Kf7 52. Kd7 Rd4+ 53. Kc6 Rc4+ 54. Kd6 Kf8 55. Ra1 Kf7 56. Ra8 1-0

[Event "Turkish Championship 2023"]
[Site "Kemer Antalya"]
[Date "2023.12.06"]
[Round "5"]
[White "Isik, Alparslan"]
[Black "Tuncer, Ufuk"]
[Result "1-0"]
[ECO "E97"]
[WhiteElo "2452"]
[BlackElo "2360"]
[Annotator "RC"]
[PlyCount "63"]
[EventDate "2023.12.01"]
[EventType "tourn"]
[EventCountry "TUR"]
[SourceTitle "playchess.com"]
[Source "ChessBase"]
[SourceQuality "1"]
[TimeControl "40/5400+30:1800+30"]

1. d4 Nf6 2. c4 g6 3. Nc3 Bg7 4. e4 d6 5. Be2 O-O 6. Nf3 e5 7. O-O Nc6 8. d5 Ne7 9. b4 Nh5 10. Re1 f5 11. a4 Nf6 12. a5 fxe4 13. Ng5 Nf5 14. Ngxe4 Nxe4 15. Nxe4 Nd4 16. Bg5 Qe8 17. Bd3 Qf7 18. Ra2 Bf5 19. Be3 Qd7 20. Ng5 Bf6 21. Ne4 Bg7 22. a6 b6 23. Bxd4 exd4 24. Ng5 Rae8 25. Bxf5 Qxf5 26. Ne6 Rf7 27. b5 Rfe7 28. Rae2 d3 29. Re3 Bc3 30. Rf1 Bb4 31. Qxd3 Qf6 32. Nxc7 1-0

[Event "Turkish Championship 2023"]
[Site "Kemer Antalya"]
[Date "2023.12.06"]
[Round "5"]
[White "Tarhan, Adar"]
[Black "Yilmazyerli, Mert"]
[Result "1-0"]
[ECO "B90"]
[WhiteElo "2434"]
[BlackElo "2524"]
[Annotator "RC"]
[PlyCount "67"]
[EventDate "2023.12.01"]
[EventType "tourn"]
[EventCountry "TUR"]
[SourceTitle "playchess.com"]
[Source "ChessBase"]
[SourceQuality "1"]
[TimeControl "40/5400+30:1800+30"]

1. e4 c5 2. Nf3 d6 3. d4 cxd4 4. Nxd4 Nf6 5. Nc3 a6 6. h3 e5 7. Nb3 Be6 8. f4 Nc6 9. f5 Bxb3 10. axb3 d5 11. exd5 Nd4 12. Bd3 e4 13. Bxe4 Bc5 14. Qd3 O-O 15. Bg5 Rc8 16. O-O-O b5 17. Kb1 h6 18. Bh4 Bb6 19. Bf2 Ne2 20. Qxe2 Bxf2 21. Qxf2 b4 22. Na2 Nxe4 23. Qf4 Nf6 24. Nxb4 Qb6 25. d6 Rfd8 26. Nd5 Nxd5 27. Rxd5 Qc6 28. Rd2 Rd7 29. f6 g5 30. Qg4 Rcd8 31. h4 Qc5 32. hxg5 Qxg5 33. Qxg5+ hxg5 34. Rd5 1-0

[Event "Turkish Championship 2023"]
[Site "Kemer Antalya"]
[Date "2023.12.06"]
[Round "5"]
[White "Eren, Ataberk"]
[Black "Tirpan, Ceren"]
[Result "1-0"]
[ECO "A45"]
[WhiteElo "2429"]
[BlackElo "1940"]
[Annotator "RC"]
[PlyCount "45"]
[EventDate "2023.12.01"]
[EventType "tourn"]
[EventCountry "TUR"]
[SourceTitle "playchess.com"]
[Source "ChessBase"]
[SourceQuality "1"]
[TimeControl "40/5400+30:1800+30"]

1. d4 Nf6 2. Bf4 e6 3. e3 b6 4. Qf3 Nc6 5. Nc3 Bb7 6. O-O-O Bb4 7. Nge2 Na5 8. e4 d5 9. e5 Nd7 10. Qg3 Bf8 11. Bg5 Qc8 12. f4 g6 13. Qh3 c5 14. g4 Qc6 15. f5 gxf5 16. gxf5 Rg8 17. Qh5 exf5 18. Nf4 Rxg5 19. Qxg5 Bh6 20. Qh4 Bxf4+ 21. Qxf4 O-O-O 22. e6 fxe6 23. Nb5 1-0

[Event "Turkish Championship 2023"]
[Site "Kemer Antalya"]
[Date "2023.12.06"]
[Round "5"]
[White "Taspinar, Yanki"]
[Black "Bicer, Atakan Mert"]
[Result "1/2-1/2"]
[ECO "B10"]
[WhiteElo "2318"]
[BlackElo "2318"]
[Annotator "RC"]
[PlyCount "193"]
[EventDate "2023.12.01"]
[EventType "tourn"]
[EventCountry "TUR"]
[SourceTitle "playchess.com"]
[Source "ChessBase"]
[SourceQuality "1"]
[TimeControl "40/5400+30:1800+30"]

1. e4 c6 2. Nf3 d5 3. d3 dxe4 4. dxe4 Qxd1+ 5. Kxd1 Nf6 6. Nbd2 a5 7. a4 Nbd7 8. Ne1 Nc5 9. f3 e5 10. Nc4 Nfd7 11. Be3 f6 12. Nd3 Kd8 13. Nb6 Nxb6 14. Nxc5 Kc7 15. Bd3 Bxc5 16. Bxc5 Be6 17. Ke2 Nc8 18. Be3 b6 19. Kf2 Nd6 20. b3 Rhd8 21. Be2 h5 22. h4 Rd7 23. Rhb1 g6 24. Bd3 Nf7 25. Rb2 Rdd8 26. Rab1 Rdb8 27. Kg1 Nd6 28. f4 Nf7 29. g3 c5 30. Rf1 Rf8 31. Bd2 exf4 32. gxf4 f5 33. e5 Rad8 34. Rbb1 Nh6 35. Bc3 Ng8 36. Rf2 Ne7 37. Rg2 Bd5 38. Re2 Be6 39. Bd2 Nc6 40. Rg2 Rg8 41. Rg3 Kd7 42. Kf2 Ke7 43. Bc3 Kf7 44. Ke3 Ne7 45. Ke2 Nc6 46. Rbg1 Ne7 47. Rd1 Rd7 48. Rf1 Rdd8 49. Bb5 Nd5 50. Bd2 Nc7 51. Bd3 Bd5 52. Rfg1 Ne6 53. Be3 Nc7 54. Rb1 Ne6 55. Bc4 Nc7 56. Rgg1 Be6 57. Rgd1 Ke7 58. Rxd8 Rxd8 59. Rg1 Bf7 60. Bd3 Rg8 61. Rb1 Ra8 62. Bd2 Bd5 63. Rg1 Kf7 64. Be3 Ne6 65. Rd1 Rd8 66. Rc1 Bc6 67. Bc4 Bd5 68. Rb1 Be4 69. Rb2 Ke7 70. c3 Bc6 71. Rb1 Be4 72. Rg1 Nf8 73. Bc1 Bd5 74. Bxd5 Rxd5 75. Be3 Kf7 76. b4 axb4 77. cxb4 cxb4 78. Rb1 Nd7 79. Rxb4 Ra5 80. Kd2 Nc5 81. Bxc5 bxc5 82. Rc4 Ke6 83. Kc3 Kd5 84. Kb3 Ra6 85. Rc1 Rb6+ 86. Kc3 Rb4 87. Rd1+ Ke6 88. Ra1 Rxf4 89. a5 Rd4 90. a6 Rd8 91. Kc4 Kxe5 92. Re1+ Kf4 93. Rg1 Ke3 94. Rxg6 f4 95. Re6+ Kd2 96. Kxc5 f3 97. Rd6+ 1/2-1/2

[Event "Turkish Championship 2023"]
[Site "Kemer Antalya"]
[Date "2023.12.06"]
[Round "5"]
[White "Metin, Enis"]
[Black "Gunduz, Umut Erdem"]
[Result "1/2-1/2"]
[ECO "E10"]
[WhiteElo "2031"]
[BlackElo "2318"]
[Annotator "RC"]
[PlyCount "114"]
[EventDate "2023.12.01"]
[EventType "tourn"]
[EventCountry "TUR"]
[SourceTitle "playchess.com"]
[Source "ChessBase"]
[SourceQuality "1"]
[TimeControl "40/5400+30:1800+30"]

1. d4 Nf6 2. c4 c5 3. d5 e6 4. Nf3 d6 5. h3 exd5 6. cxd5 g6 7. e4 a6 8. Bd3 Bg7 9. O-O O-O 10. Nbd2 b5 11. a4 c4 12. Bc2 Bb7 13. Nd4 Qb6 14. N2f3 Nbd7 15. Be3 Nc5 16. b4 cxb3 17. Nxb3 Nfd7 18. Nfd4 Ne5 19. Nxc5 dxc5 20. Nb3 Rac8 21. axb5 axb5 22. Na5 Ra8 23. Qd2 b4 24. Nxb7 Rxa1 25. Rxa1 Nc4 26. Bxc5 Nxd2 27. Bxb6 Bxa1 28. d6 Rb8 29. d7 Bf6 30. e5 Be7 31. Bc5 Bxc5 32. Nxc5 Kf8 33. Na6 Rd8 34. Nxb4 Rxd7 35. Nd3 Rc7 36. Ne1 Nc4 37. f4 Ne3 38. Bd3 Rc1 39. Kf2 Rxe1 40. Kxe1 Nxg2+ 41. Kf2 Nxf4 42. Bf1 Ke7 43. Kf3 Ne6 44. Bc4 Kd7 45. Bb5+ Kd8 46. Ba4 Ke7 47. h4 Nc5 48. Bb5 Ke6 49. Bc4+ Ke7 50. Bb5 h5 51. Ke3 Ne6 52. Bc4 Ng7 53. Kf4 Nf5 54. Kg5 Nd4 55. Kf4 Nf5 56. Kg5 Ne3 57. Bb3 Nf5 1/2-1/2

[Event "Turkish Championship 2023"]
[Site "Kemer Antalya"]
[Date "2023.12.07"]
[Round "6"]
[White "Yilmazyerli, Mert"]
[Black "Isik, Alparslan"]
[Result "1/2-1/2"]
[ECO "D85"]
[WhiteElo "2524"]
[BlackElo "2452"]
[Annotator "RC"]
[PlyCount "30"]
[EventDate "2023.12.01"]
[EventType "tourn"]
[EventCountry "TUR"]
[SourceTitle "playchess.com"]
[Source "ChessBase"]
[SourceQuality "1"]
[TimeControl "40/5400+30:1800+30"]

1. c4 Nf6 2. Nc3 g6 3. d4 d5 4. cxd5 Nxd5 5. e4 Nxc3 6. bxc3 Bg7 7. Be3 c5 8. Nf3 Qa5 9. Nd2 O-O 10. Nb3 Qxc3+ 11. Bd2 Qb2 12. Bc1 Qc3+ 13. Bd2 Qb2 14. Bc1 Qc3+ 15. Bd2 Qb2 1/2-1/2

[Event "Turkish Championship 2023"]
[Site "Kemer Antalya"]
[Date "2023.12.07"]
[Round "6"]
[White "Eren, Ataberk"]
[Black "Taspinar, Yanki"]
[Result "1/2-1/2"]
[ECO "D37"]
[WhiteElo "2429"]
[BlackElo "2318"]
[Annotator "RC"]
[PlyCount "93"]
[EventDate "2023.12.01"]
[EventType "tourn"]
[EventCountry "TUR"]
[SourceTitle "playchess.com"]
[Source "ChessBase"]
[SourceQuality "1"]
[TimeControl "40/5400+30:1800+30"]

1. d4 d5 2. Nf3 Nf6 3. c4 e6 4. Nc3 a6 5. c5 b6 6. cxb6 c5 7. Bf4 Bd6 8. Bxd6 Qxd6 9. dxc5 Qxc5 10. Rc1 Nbd7 11. e3 Qxb6 12. Qd2 O-O 13. Be2 Bb7 14. O-O Rfc8 15. Na4 Qd6 16. Qa5 Ne4 17. Rfd1 Nec5 18. Nd4 Nxa4 19. Qxa4 Rc7 20. Rxc7 Qxc7 21. Nb3 a5 22. Rc1 Qd8 23. Bb5 Nf6 24. Qf4 Ba6 25. Bxa6 Rxa6 26. Qa4 h5 27. f3 Nd7 28. Nd4 Ra8 29. Qc2 Ne5 30. h3 a4 31. b3 axb3 32. axb3 Qf6 33. f4 Ng6 34. Rf1 Qe7 35. Qe2 h4 36. Qg4 Ra2 37. Rc1 Ra8 38. Kh1 Re8 39. Rf1 Ra8 40. Qh5 Nf8 41. Rb1 g6 42. Qe2 Qb4 43. Qf2 Qc3 44. b4 Nd7 45. b5 Nb6 46. Nc6 Qd3 47. Rc1 1/2-1/2

[Event "Turkish Championship 2023"]
[Site "Kemer Antalya"]
[Date "2023.12.07"]
[Round "6"]
[White "Tuncer, Ufuk"]
[Black "Metin, Enis"]
[Result "1/2-1/2"]
[ECO "B51"]
[WhiteElo "2360"]
[BlackElo "2031"]
[Annotator "RC"]
[PlyCount "92"]
[EventDate "2023.12.01"]
[EventType "tourn"]
[EventCountry "TUR"]
[SourceTitle "playchess.com"]
[Source "ChessBase"]
[SourceQuality "1"]
[TimeControl "40/5400+30:1800+30"]

1. e4 c5 2. Nc3 Nc6 3. Bb5 d6 4. Nf3 e5 5. d3 Be7 6. Nd2 Nf6 7. Nf1 O-O 8. Ne3 a6 9. Bc4 b5 10. Bd5 Nxd5 11. Ncxd5 g6 12. a4 Be6 13. O-O Bg5 14. axb5 axb5 15. Rxa8 Qxa8 16. Nc7 Qb7 17. Nxe6 fxe6 18. Qg4 Bxe3 19. Qxe6+ Qf7 20. Qxf7+ Rxf7 21. Bxe3 Nb4 22. Rc1 Ra7 23. Bd2 Nc6 24. c3 Ra2 25. Rb1 c4 26. dxc4 bxc4 27. g4 Kf7 28. Kg2 Ke6 29. Be3 Na5 30. Kg3 Nb3 31. Kh4 Kf6 32. h3 Na5 33. f4 exf4 34. Bxf4 Nb7 35. Rd1 Rxb2 36. Bxd6 Nxd6 37. Rxd6+ Ke5 38. Rc6 Re2 39. Rxc4 Re3 40. Kg5 Rxh3 41. Rc5+ Kxe4 42. Kf6 Rf3+ 43. Ke6 h5 44. gxh5 gxh5 45. c4 Kd4 46. Rxh5 Kxc4 1/2-1/2

[Event "Turkish Championship 2023"]
[Site "Kemer Antalya"]
[Date "2023.12.07"]
[Round "6"]
[White "Bicer, Atakan Mert"]
[Black "Tarhan, Adar"]
[Result "1-0"]
[ECO "C70"]
[WhiteElo "2318"]
[BlackElo "2434"]
[Annotator "RC"]
[PlyCount "69"]
[EventDate "2023.12.01"]
[EventType "tourn"]
[EventCountry "TUR"]
[SourceTitle "playchess.com"]
[Source "ChessBase"]
[SourceQuality "1"]
[TimeControl "40/5400+30:1800+30"]

1. e4 e5 2. Nf3 Nc6 3. Bb5 a6 4. Ba4 Nge7 5. Nc3 g6 6. d4 exd4 7. Nd5 Nxd5 8. exd5 Qe7+ 9. Kf1 Ne5 10. Nxe5 Qxe5 11. Qf3 d3 12. cxd3 Be7 13. Bh6 Qf6 14. Qe4 Qh4 15. Qe3 Kd8 16. d6 cxd6 17. Re1 Kc7 18. Rc1+ Kb8 19. Rc4 Qf6 20. Rf4 Qe6 21. Re4 Qxa2 22. Qd4 Re8 23. Bf4 Qb1+ 24. Ke2 Qxh1 25. Kd2 g5 26. Bg3 f5 27. Rxe7 f4 28. Qxd6+ Ka7 29. Qc5+ b6 30. Rxd7+ Bb7 31. Rxb7+ Kxb7 32. Qc6+ Kb8 33. Qd6+ Kc8 34. Bd7+ Kd8 35. Be6# 1-0

[Event "Turkish Championship 2023"]
[Site "Kemer Antalya"]
[Date "2023.12.07"]
[Round "6"]
[White "Tirpan, Ceren"]
[Black "Gunduz, Umut Erdem"]
[Result "0-1"]
[ECO "C60"]
[WhiteElo "1940"]
[BlackElo "2318"]
[Annotator "RC"]
[PlyCount "78"]
[EventDate "2023.12.01"]
[EventType "tourn"]
[EventCountry "TUR"]
[SourceTitle "playchess.com"]
[Source "ChessBase"]
[SourceQuality "1"]
[TimeControl "40/5400+30:1800+30"]

1. e4 e5 2. Nf3 Nc6 3. Bb5 Nge7 4. O-O g6 5. d4 exd4 6. Nxd4 Bg7 7. Ne2 a6 8. Bd3 O-O 9. Nbc3 d6 10. Bf4 Ne5 11. Qd2 Nxd3 12. cxd3 Re8 13. Bh6 Bh8 14. Bg5 f6 15. Bf4 b5 16. d4 Bb7 17. d5 f5 18. f3 fxe4 19. fxe4 Nc8 20. Ng3 Nb6 21. Rae1 Nc4 22. Qc1 Ne5 23. Qd2 Nc4 24. Qc1 Qd7 25. Nd1 Ne5 26. Qd2 Re7 27. Ne3 Rf7 28. Qe2 Raf8 29. Bh6 Rxf1+ 30. Rxf1 Rxf1+ 31. Ngxf1 Nf7 32. Bf4 Qe7 33. Qc2 Bd4 34. Kh1 Bc5 35. h3 Qf6 36. Bg3 Qd4 37. Bf2 Ne5 38. Ng4 Qd3 39. Nfe3 Nxg4 0-1

[Event "Turkish Championship 2023"]
[Site "Kemer Antalya"]
[Date "2023.12.08"]
[Round "7"]
[White "Isik, Alparslan"]
[Black "Bicer, Atakan Mert"]
[Result "1-0"]
[ECO "D18"]
[WhiteElo "2452"]
[BlackElo "2318"]
[Annotator "RC"]
[PlyCount "99"]
[EventDate "2023.12.01"]
[EventType "tourn"]
[EventCountry "TUR"]
[SourceTitle "playchess.com"]
[Source "ChessBase"]
[SourceQuality "1"]
[TimeControl "40/5400+30:1800+30"]

1. d4 d5 2. c4 c6 3. Nf3 Nf6 4. Nc3 dxc4 5. a4 Bf5 6. e3 e6 7. Bxc4 Bb4 8. O-O O-O 9. Nh4 Nbd7 10. h3 a5 11. Nxf5 exf5 12. Qf3 g6 13. g4 fxg4 14. hxg4 h5 15. gxh5 Nxh5 16. e4 Kg7 17. Bd3 Bd6 18. Rd1 c5 19. Bb5 cxd4 20. Rxd4 Ne5 21. Qg2 Rh8 22. Be2 Qf6 23. Rd5 Be7 24. Rb5 Rad8 25. Nd5 Rxd5 26. Rxd5 Nf4 27. Bxf4 Qxf4 28. Qg3 Qh6 29. Kg2 Nc6 30. Rh5 Qd2 31. Rxh8 Kxh8 32. Qc3+ Qxc3 33. bxc3 Bc5 34. Rd1 Kg7 35. f4 b6 36. Bb5 Ne7 37. Kf3 g5 38. fxg5 Ng6 39. Kg4 Be3 40. Rd5 Kf8 41. Bc4 Kg7 42. Rf5 Nh8 43. Kh5 Bc5 44. e5 Be7 45. Bb3 Ba3 46. e6 fxe6 47. Bxe6 Bc5 48. Bb3 Ba3 49. Rf6 Bc5 50. Rc6 1-0

[Event "Turkish Championship 2023"]
[Site "Kemer Antalya"]
[Date "2023.12.08"]
[Round "7"]
[White "Tarhan, Adar"]
[Black "Eren, Ataberk"]
[Result "1-0"]
[ECO "C07"]
[WhiteElo "2434"]
[BlackElo "2429"]
[Annotator "RC"]
[PlyCount "167"]
[EventDate "2023.12.01"]
[EventType "tourn"]
[EventCountry "TUR"]
[SourceTitle "playchess.com"]
[Source "ChessBase"]
[SourceQuality "1"]
[TimeControl "40/5400+30:1800+30"]

1. e4 e6 2. d4 d5 3. Nd2 c5 4. Ngf3 cxd4 5. exd5 Qxd5 6. Bc4 Qd6 7. O-O Nf6 8. Nb3 Nc6 9. Nbxd4 Nxd4 10. Nxd4 Be7 11. Nb5 Qc6 12. Qe2 O-O 13. Bf4 a6 14. Nd4 Qc5 15. Nb3 Qc6 16. Nd4 Qc5 17. Rad1 b5 18. Bb3 Bb7 19. Rfe1 Rfe8 20. Qe5 Rad8 21. c3 Qxe5 22. Bxe5 Bc5 23. h3 Nd5 24. a4 b4 25. c4 Ne7 26. Bc2 Ng6 27. Bxg6 hxg6 28. Nb3 Bf8 29. Na5 Ba8 30. Rxd8 Rxd8 31. Rc1 Rc8 32. Bd4 e5 33. Bb6 Bc5 34. Bxc5 Rxc5 35. Nb3 Rc8 36. f3 f5 37. Rd1 e4 38. Kf2 Kh7 39. Rd4 exf3 40. gxf3 Bc6 41. Na5 Bxa4 42. b3 Be8 43. Rd6 f4 44. Rxa6 Rd8 45. Ke2 Bd7 46. h4 Kh6 47. Nb7 Re8+ 48. Kf2 Re3 49. Ra8 g5 50. Rd8 Bf5 51. Rh8+ Kg6 52. h5+ Kf6 53. Rf8+ Ke5 54. Na5 Bc2 55. Nc6+ Kd6 56. Nd4 Bb1 57. Rd8+ Ke7 58. Rd5 Kf6 59. c5 Re5 60. Rd6+ Kf7 61. c6 Rc5 62. Rd7+ Kf6 63. c7 Ke5 64. Ke2 g4 65. fxg4 Be4 66. g5 Bd5 67. h6 gxh6 68. gxh6 Be4 69. Kd2 Rc3 70. Re7+ Kxd4 71. Rxe4+ Kxe4 72. h7 Rxc7 73. h8=Q Rd7+ 74. Ke1 Rd4 75. Qh7+ Ke3 76. Qc2 Re4 77. Qd2+ Kf3+ 78. Kf1 Kg4 79. Qd7+ Kg3 80. Qd3+ Re3 81. Qg6+ Kh4 82. Qd6 Rf3+ 83. Ke2 Re3+ 84. Kf2 1-0

[Event "Turkish Championship 2023"]
[Site "Kemer Antalya"]
[Date "2023.12.08"]
[Round "7"]
[White "Gunduz, Umut Erdem"]
[Black "Tuncer, Ufuk"]
[Result "1-0"]
[ECO "D76"]
[WhiteElo "2318"]
[BlackElo "2360"]
[Annotator "RC"]
[PlyCount "57"]
[EventDate "2023.12.01"]
[EventType "tourn"]
[EventCountry "TUR"]
[SourceTitle "playchess.com"]
[Source "ChessBase"]
[SourceQuality "1"]
[TimeControl "40/5400+30:1800+30"]

1. d4 Nf6 2. c4 g6 3. Nf3 Bg7 4. g3 O-O 5. Bg2 d5 6. cxd5 Nxd5 7. O-O Nb6 8. Nc3 Nc6 9. e3 a5 10. h3 a4 11. d5 Nb4 12. e4 a3 13. Qb3 Nd3 14. bxa3 Nc5 15. Qc2 Nca4 16. Bd2 e6 17. Nxa4 Rxa4 18. Bg5 Qd7 19. dxe6 Qxe6 20. e5 Rc4 21. Qd2 Qc6 22. Rac1 Bxh3 23. Bxh3 Qxf3 24. e6 Rxc1 25. Rxc1 fxe6 26. Bxe6+ Kh8 27. Rxc7 Qe4 28. Rxg7 Qxe6 29. Re7 1-0

[Event "Turkish Championship 2023"]
[Site "Kemer Antalya"]
[Date "2023.12.08"]
[Round "7"]
[White "Taspinar, Yanki"]
[Black "Tirpan, Ceren"]
[Result "1-0"]
[ECO "B40"]
[WhiteElo "2318"]
[BlackElo "1940"]
[Annotator "RC"]
[PlyCount "149"]
[EventDate "2023.12.01"]
[EventType "tourn"]
[EventCountry "TUR"]
[SourceTitle "playchess.com"]
[Source "ChessBase"]
[SourceQuality "1"]
[TimeControl "40/5400+30:1800+30"]

1. e4 c5 2. Nf3 e6 3. b3 Nc6 4. Bb2 d5 5. exd5 exd5 6. Bb5 Nf6 7. O-O Be7 8. d4 O-O 9. h3 Bf5 10. Nc3 Nb4 11. dxc5 a6 12. Nd4 Bg6 13. a3 Nxc2 14. Nxc2 axb5 15. b4 Qd7 16. Nd4 Ra6 17. Qe2 Rd8 18. Qxb5 Qc8 19. Rac1 Qa8 20. Rfe1 Bf8 21. a4 Nh5 22. Re3 h6 23. Rce1 Nf6 24. a5 Qc8 25. Qe2 Ne4 26. f3 Ng3 27. Qd2 Nf5 28. Re5 Nxd4 29. Qxd4 Rxa5 30. Kh1 Ra8 31. Rxd5 Bf5 32. Rd1 Rxd5 33. Nxd5 Qd8 34. Qf4 Qg5 35. Qxg5 hxg5 36. Rc1 Rd8 37. Ne3 Be6 38. Nf1 Rd3 39. Bc3 f5 40. Kg1 g4 41. hxg4 fxg4 42. Nh2 Be7 43. Nxg4 Bg5 44. Nf2 Be3 45. Be1 Rb3 46. Rc3 Bxf2+ 47. Kxf2 Rxb4 48. Re3 Rb2+ 49. Kg3 Kf7 50. Bf2 Rc2 51. Rd3 Rc4 52. Rd6 Ke7 53. Be3 Kf7 54. Rd8 Ke7 55. Rd2 Kf7 56. Kf2 Bf5 57. g4 Be6 58. Rd6 Ke7 59. Kg3 Kf7 60. Bd4 Ke7 61. Bf2 Bd7 62. Bd4 Be6 63. Bxg7 Rxc5 64. Bf8+ Kxf8 65. Rxe6 Rb5 66. f4 Kf7 67. f5 Rb1 68. Kf4 b5 69. Rb6 b4 70. Rb7+ Ke8 71. Kg5 b3 72. f6 Kf8 73. Kg6 Re1 74. Rxb3 Re8 75. Rh3 1-0

[Event "Turkish Championship 2023"]
[Site "Kemer Antalya"]
[Date "2023.12.08"]
[Round "7"]
[White "Metin, Enis"]
[Black "Yilmazyerli, Mert"]
[Result "0-1"]
[ECO "B07"]
[WhiteElo "2031"]
[BlackElo "2524"]
[Annotator "RC"]
[PlyCount "62"]
[EventDate "2023.12.01"]
[EventType "tourn"]
[EventCountry "TUR"]
[SourceTitle "playchess.com"]
[Source "ChessBase"]
[SourceQuality "1"]
[TimeControl "40/5400+30:1800+30"]

1. e4 g6 2. d4 Bg7 3. Nc3 d6 4. Bc4 Nf6 5. Qe2 Nc6 6. e5 Ng4 7. Bb5 O-O 8. Bxc6 bxc6 9. h3 Nh6 10. Bf4 c5 11. dxc5 Bb7 12. Nf3 Qc8 13. O-O-O Rb8 14. Rhe1 dxc5 15. Ne4 Bxe4 16. Qxe4 Rb4 17. Qe3 Nf5 18. Qd2 Qa6 19. a3 Rfb8 20. c3 Ra4 21. g4 Rxa3 22. Qd8+ Rxd8 23. Rxd8+ Bf8 24. bxa3 Qxa3+ 25. Kd2 Qb2+ 26. Kd3 Qxf2 27. Re3 c4+ 28. Ke4 Qc2+ 29. Kd5 Nxe3+ 30. Kc5 Qf2 31. Kb5 Kg7 0-1

[Event "Turkish Championship 2023"]
[Site "Kemer Antalya"]
[Date "2023.12.09"]
[Round "8"]
[White "Yilmazyerli, Mert"]
[Black "Gunduz, Umut Erdem"]
[Result "1-0"]
[ECO "D37"]
[WhiteElo "2524"]
[BlackElo "2318"]
[Annotator "RC"]
[PlyCount "59"]
[EventDate "2023.12.01"]
[EventType "tourn"]
[EventCountry "TUR"]
[SourceTitle "playchess.com"]
[Source "ChessBase"]
[SourceQuality "1"]
[TimeControl "40/5400+30:1800+30"]

1. d4 d5 2. c4 e6 3. Nf3 a6 4. cxd5 exd5 5. Nc3 Nf6 6. Qb3 c5 7. Bg5 c4 8. Qc2 Bb4 9. e4 dxe4 10. Bxf6 Qxf6 11. Qxe4+ Qe6 12. Ne5 f6 13. Bxc4 Bxc3+ 14. bxc3 Qe7 15. O-O fxe5 16. f4 Nc6 17. fxe5 Nd8 18. e6 Bxe6 19. Rae1 Kd7 20. d5 Qc5+ 21. Kh1 Bf7 22. Qg4+ Kd6 23. Qg3+ Kd7 24. d6 Re8 25. Bxf7 Rxe1 26. Rxe1 Kc8 27. Re8 Qb6 28. h3 Kb8 29. Bd5 Ka7 30. Qxg7 1-0

[Event "Turkish Championship 2023"]
[Site "Kemer Antalya"]
[Date "2023.12.09"]
[Round "8"]
[White "Eren, Ataberk"]
[Black "Isik, Alparslan"]
[Result "1/2-1/2"]
[ECO "D36"]
[WhiteElo "2429"]
[BlackElo "2452"]
[Annotator "RC"]
[PlyCount "89"]
[EventDate "2023.12.01"]
[EventType "tourn"]
[EventCountry "TUR"]
[SourceTitle "playchess.com"]
[Source "ChessBase"]
[SourceQuality "1"]
[TimeControl "40/5400+30:1800+30"]

1. d4 d5 2. c4 e6 3. Nc3 Nf6 4. cxd5 exd5 5. Bg5 Be7 6. e3 O-O 7. Bd3 Re8 8. Nf3 h6 9. Bh4 c6 10. Qc2 Ne4 11. Bxe7 Qxe7 12. Bxe4 dxe4 13. Nd2 f5 14. O-O Nd7 15. Rae1 Nf6 16. f3 exf3 17. Nxf3 c5 18. a3 Be6 19. h3 Rac8 20. Qa4 a6 21. Nh4 Qd6 22. dxc5 Qxc5 23. Qd4 Qa5 24. Nf3 Rcd8 25. Qf4 Qb6 26. Rf2 g5 27. Qb4 Qxb4 28. axb4 Bc4 29. Rd2 Rxd2 30. Nxd2 Bd5 31. Rf1 Re5 32. g4 Be6 33. e4 Bd7 34. Nf3 Re8 35. exf5 Bc6 36. Nd4 Re3 37. Nxc6 bxc6 38. Kg2 h5 39. Rf3 Re1 40. Rd3 hxg4 41. hxg4 Nxg4 42. Rg3 Ne5 43. Kf2 Rh1 44. Rxg5+ Kf7 45. Ne4 1/2-1/2